 Dungeon Crawl Stone Soup version 0.30.1-4-g462c640d31 (webtiles) character file.

Game seed: 14709484164611969624

5 RepoMan the Shooter (level 1, 0/19 HPs)
             Began as a Naga Hunter on Sept 17, 2023.
             Slain by a jackal (2 damage)
             ... on level 1 of the Dungeon.
             The game lasted 00:03:34 (89 turns).

RepoMan the Shooter (Naga Hunter)                     Turns: 89, Time: 00:03:34

Health: 0/19       AC:  1    Str: 13    XL:     1   Next: 80%
Magic:  1/1        EV:  9    Int:  9    God:
Gold:   12         SH:  0    Dex: 14    Spells: 0/0 levels left

rFire   . . .        a - +0 shortbow
rCold   . . .        (shield currently unavailable)
rNeg    . . .        c - +0 leather armour
rPois   +            (no helmet)
rElec   .            (no cloak)
rCorr   .            (no gloves)
SInv    +            (no barding)
Will    .....        (no amulet)
Stlth   ++           (no ring)
HPRegen 0.23/turn    (no ring)
MPRegen 0.07/turn

%: no passive effects
@: about to teleport, very slow
A: AC +0, large, see invisible, deformed body, poison resistance, slowness 2,
spit poison 1, naga tail 1
a: Spit Poison


You were on level 1 of the Dungeon.
You visited 1 branch of the dungeon, and saw 1 of its levels.

You collected 12 gold pieces.

Inventory:

Hand Weapons
 a - a +0 shortbow (weapon)
 e - a +0 dagger
Armour
 c - a +0 leather armour (worn)
Scrolls
 b - a scroll of immolation


   Skills:
 - Level 2.0 Fighting
 * Level 3.8 Ranged Weapons
 - Level 1.5 Dodging
 + Level 1.9 Stealth


You couldn't memorise any spells.
You didn't know any spells.
Your spell library was empty.

Dungeon Overview and Level Annotations

Branches:
Dungeon (1/15)

Altars:


Innate Abilities, Weirdness & Mutations

Your serpentine skin is tough. (AC +0)
You have supernaturally acute eyesight. (SInv)
Armour fits poorly on your strangely shaped body.
Your system is resistant to poisons. (rPois)
You cover ground very slowly.
You can spit poison.
You have a snake-like lower body.


Message History

Fire: a) +0 shortbow
Press: ? - help, Q - select action, (/) - cycle Shift-Dir - straight line, f - kobold
Aim: a kobold, wielding a +2 short sword of draining (asleep, 98% to hit)
You shoot an arrow. The arrow hits the kobold.
You kill the kobold! 2 jackals come into view.
The jackal barks!
A jackal comes into view. x2
The jackal moves out of view.
Fire: a) +0 shortbow
Press: ? - help, Q - select action, (/) - cycle Shift-Dir - straight line, f - jackal
Aim: a jackal (53% to hit)
You shoot an arrow. The jackal barks!
The arrow hits the jackal!
You kill the jackal!
You hear a bark!
You shoot an arrow. The arrow closely misses the jackal.
The jackal bites you but does no damage.
The jackal bites you.
You shoot an arrow. The arrow hits the jackal.
The jackal is almost dead.
The jackal bites you. x2
You shoot an arrow. The arrow barely misses the jackal.
The arrow closely misses the jackal.
The jackal bites you. x2
Okay, then.
You aren't carrying any potions.
Fire: a) +0 shortbow
Press: ? - help, Q - select action, (/) - cycle Shift-Dir - straight line, f/p - jackal
Aim: a jackal (almost dead, 53% to hit)
You shoot an arrow. The arrow hits the jackal.
You kill the jackal!
The jackal barely misses you. The jackal bites you. x2
* * * LOW HITPOINT WARNING * * *
The jackal bites you.
* * * LOW HITPOINT WARNING * * *
As you read the scroll labelled HOOSANNUV USMY, it crumbles to dust.
You feel strangely unstable.
It was a scroll of teleportation.
The jackal barely misses you. The jackal bites you.
You die...

.....# ######### #.)h..#
<..~.#..## #.>...+
.~.P~P..P##### #.....
~~~.~.......~### ##..#
~P.P~P..~......## ##...#
PP....P..~.....P###....#
..~.~.P~~....~.P##.....#
.~P.PPP...P.P...@h..#..#
.....~P....P....†h..#..#
.P......P..PP.P....##..#
P.~.P.~.P....≈.....##..#
P.....P.P....P....###..#
.....PP.~P....##..# #..#
..##~~.P~~##~.##.## #..#
##≈~~~~~.#.~~###.##
#..## ##.≈#≈≈######
#..###...#


You could see 2 jackals.

Vanquished Creatures
  2 jackals (D:1)
  3 kobolds (D:1)
5 creatures vanquished.

Notes
Turn   | Place    | Note
-------+----------+-------------------------------------------
     0 | D:1      | RepoMan the Naga Hunter began the quest for the Orb.
     0 | D:1      | Reached XP level 1. HP: 19/19 MP: 1/1
    89 | D:1      | Slain by a jackal

Illustrated notes

Levels and vault maps discovered:
D:1:      lemuel_arrival_muddy, layout_basic, serial_shops, nicolae_shop_stone,
          shapermc_ecumenical_altar_mp_vishouse

Action                     || total
---------------------------++-------
   Fire: Shortbow          ||     8
    Use: Scroll            ||     1
 Armour: Leather armour    ||     1
  Dodge: Dodged            ||     2
